 Dungeon Crawl Stone Soup version 0.19.5 (webtiles) character file.

8582 Trixie the Fighter (level 11, -2/102 HPs)
             Began as a Minotaur Berserker on Mar 24, 2017.
             Was an Elder of Trog.
             Slain by a death knight
             ... wielding a +4 great sword
              (20 damage)
             ... on level 7 of the Dungeon.
             The game lasted 00:15:17 (7819 turns).

Trixie the Fighter (Minotaur Berserker)             Turns: 7819, Time: 00:15:18

Health: -2/102     AC: 11    Str: 22 (23) XL:     11   Next: 11%
Magic:  10/10      EV: 15    Int:  5 (7)  God:    Trog [****..]
Gold:   534        SH:  0    Dex: 10 (12) Spells: 0 memorised, 10 levels left

rFire  . . .     SeeInvis .     t - +1 flail (protect)
rCold  . . .     Gourm    +     g - +1 ring mail
rNeg   . . .     Faith    .     (no shield)
rPois  .         Spirit   .     D - +0 hat {Int+3}
rElec  .         Reflect  .     (no cloak)
rCorr  .         Harm     .     s - +2 pair of gloves {archery}
MR     .....                    (no boots)
Stlth  ..........               r - amulet of the gourmand
                                (no ring)
                                (no ring)

@: exhausted
A: retaliatory headbutt, horns 2
a: Berserk, Trog's Hand, Brothers in Arms, Burn Spellbooks, Renounce Religion


You were on level 7 of the Dungeon.
You worshipped Trog.
Trog was greatly pleased with you.
You were very full.

You visited 1 branch of the dungeon, and saw 8 of its levels.

You collected 534 gold pieces.

Inventory:

Hand Weapons
 a - a +2 mace
 t - a +1 flail of protection (weapon)
Armour
 g - a +1 ring mail (worn)
 s - a +2 pair of gloves of archery (worn)
 D - a +0 hat of intelligence (worn)
Jewellery
 r - an amulet of the gourmand (around neck)
 w - an uncursed ring of resist corrosion
 B - a cursed -3 ring of strength {unknown}
Scrolls
 b - 2 scrolls of identify
 d - 3 scrolls of recharging
 e - a scroll of enchant armour
 k - 3 scrolls of remove curse
 n - a scroll of magic mapping {unknown}
 o - a scroll of random uselessness {unknown}
 p - 2 scrolls of noise
Potions
 i - 4 potions of lignification
 j - a potion of mutation {unknown}
 l - a potion of invisibility
 u - 2 potions of degeneration
 v - a potion of cancellation
 z - a potion of curing
Books
 q - a book of Cantrips

   Spells                             Type                      Level
   a - Confusing Touch                Hexes                        1
   b - Animate Skeleton               Necromancy                   1
   c - Summon Small Mammal            Summoning                    1
   d - Apportation                    Translocation                1
   Trog disapproves of the use of such an item.
 x - a book of Minor Magic

   Spells                             Type                      Level
   a - Magic Dart                     Conjuration                  1
   b - Blink                          Translocation                2
   c - Call Imp                       Summoning                    2
   d - Repel Missiles                 Charms/Air                   2
   e - Slow                           Hexes                        2
   f - Conjure Flame                  Conjuration/Fire             3
   g - Mephitic Cloud                 Conjuration/Poison/Air       3
   Trog disapproves of the use of such an item.
 y - a book of Flames

   Spells                             Type                      Level
   a - Flame Tongue                   Conjuration/Fire             1
   b - Throw Flame                    Conjuration/Fire             2
   c - Conjure Flame                  Conjuration/Fire             3
   d - Inner Flame                    Hexes/Fire                   3
   e - Sticky Flame                   Conjuration/Fire             4
   f - Fireball                       Conjuration/Fire             5
   Trog disapproves of the use of such an item.
Comestibles
 c - 9 bread rations
 f - 4 meat rations
 h - 5 beef jerkies
 m - 3 royal jellies
 A - 7 slices of pizza


   Skills:
 - Level 11.2 Fighting
 - Level 10.8 Maces & Flails
 + Level 10.5 Armour
 + Level 9.5 Dodging
 - Level 0.1 Stealth


You had 10 spell levels left.
You didn't know any spells.

Dungeon Overview and Level Annotations

Branches:
Dungeon (8/15)             Temple (0/1) D:7
   Lair: D:8-11

Altars:
Ashenzari
Hepliaklqana
Nemelex Xobeh
Uskayaw
Zin

Shops:
D:5 =::   D:7 ?


Innate Abilities, Weirdness & Mutations

You reflexively headbutt those who attack you in melee.
You have a pair of horns on your head.


Message History

It was a potion of invisibility.
You fade into invisibility!
The death knight hits you with an enchanted great sword.
* * * LOW HITPOINT WARNING * * *
You are very lightly contaminated with residual magic.
It was a potion of cancellation.
Your magical effects are unravelling.
You feel magically purged.
Your magical contamination has completely faded away.
You feel less woody.
Your +0 hat of intelligence unmelds from your body.
Your +2 pair of gloves of archery unmelds from your body.
Your +1 ring mail unmelds from your body.
You feel clever.
You feel that your aim is more steady.
You feel yourself speed up.
You flicker back into view.
The death knight hits you but does no damage.
It was a potion of curing.
You feel better.
The death knight hits you with an enchanted great sword!!
You die...

.###.......######## ##
####.##........# #
#...........##.#
####.##.##<.##.##.#########
..................).......#
####..⌠..##.##.#..#######.#
####.....##.##.#..# #.#
#...⌠.>.⌠##.....O.# #.#
.........#####[#@##### #.#
.##...⌠..# #..p.....# #.#
.##......# ##.#.###.# #.#
.##...#### ###.# #.# #.#
.###### #.# #.# #.# .# #.#
#.# #.# .# #.# #.# #.# .#
####.###.####.# .#
#....#...##...#


You could see a death knight and a friendly two-headed ogre (berserk).

Vanquished Creatures
  Gastronok (D:8)
  A centaur warrior (D:8)
  Erica (D:8)
  A deep elf knight (D:8)
  A hill giant (D:8)
  Maurice (D:8)
  Psyche (D:8)
  A hippogriff (D:7)
  A yak (D:7)
  A human (D:7)
  Grum (D:8)
  3 hogs (D:7)
  A hungry ghost (D:7)
  Menkaure (D:7)
  A vampire mosquito (D:8)
  A water moccasin (D:6)
  A sky beast (D:7)
  A phantom (D:4)
  A centaur (D:5)
  3 ogres
  3 wolves (D:8)
  6 bullfrogs
  18 killer bees
  A howler monkey (D:6)
  3 crimson imps
  A bullfrog zombie (D:8)
  A jelly (D:7)
  A hound (D:7)
  3 orc priests
  An iguana (D:7)
  An orc wizard (D:5)
  5 worker ants
  A worker ant zombie (D:8)
  3 gnolls (D:7)
  8 adders
  A shadow imp (D:4)
  An ooze (D:4)
  2 adder zombies
  3 worms (D:2)
  4 dart slugs
  9 leopard geckos
  19 orcs
  A ball python (D:6)
  5 bats
  A giant cockroach (D:2)
  9 goblins
  8 hobgoblins
  2 quokkas
  5 frilled lizards
  4 kobolds
  11 rats
  A fungus (D:7)
166 creatures vanquished.

Vanquished Creatures (others)
  10 plants (D:8)
10 creatures vanquished.

Grand Total: 176 creatures vanquished

Notes
Turn   | Place    | Note
-------+----------+-------------------------------------------
     0 | D:1      | Trixie the Minotaur Berserker began the quest for the Orb.
     0 | D:1      | Reached XP level 1. HP: 19/19 MP: 0/0
   562 | D:1      | Reached XP level 2. HP: 26/26 MP: 1/1
   851 | D:1      | Reached skill level 5 in Maces & Flails
   891 | D:1      | Reached XP level 3. HP: 31/31 MP: 2/2
  1135 | D:2      | Reached ** piety under Trog
  1886 | D:3      | Reached XP level 4. HP: 39/39 MP: 3/3
  2324 | D:3      | Found a hazy altar of Hepliaklqana.
  2648 | D:4      | Reached XP level 5. HP: 45/45 MP: 4/4
  2854 | D:4      | Reached *** piety under Trog
  3267 | D:4      | Reached skill level 5 in Dodging
  3353 | D:4      | Reached XP level 6. HP: 42/51 MP: 5/5
  4014 | D:5      | Entered Level 5 of the Dungeon
  4021 | D:5      | Reached skill level 5 in Armour
  4068 | D:5      | Found a glowing silver altar of Zin.
  4088 | D:5      | Found a hide-covered altar of Uskayaw.
  4091 | D:5      | Found a sparkling altar of Nemelex Xobeh.
  4103 | D:5      | Reached XP level 7. HP: 40/57 MP: 6/6
  4459 | D:5      | Found Wekhliuni's Book Shop.
  4509 | D:5      | Found Apezuorch's Book Boutique.
  4593 | D:5      | Reached skill level 4 in Fighting
  4644 | D:5      | Found Saniej's Jewellery Shoppe.
  5254 | D:6      | Found a shattered altar of Ashenzari.
  5639 | D:7      | Found a staircase to the Ecumenical Temple.
  5673 | D:7      | Found Angoumas's Magic Scroll Shop.
  5681 | D:7      | Noticed Menkaure
  5685 | D:7      | Killed Menkaure
  5685 | D:7      | Reached XP level 8. HP: 51/67 MP: 7/7
  5861 | D:7      | Noticed a hippogriff
  5872 | D:7      | Killed a hippogriff
  5872 | D:7      | Reached skill level 5 in Fighting
  5883 | D:7      | Reached skill level 10 in Maces & Flails
  6260 | D:7      | Reached skill level 6 in Fighting
  6452 | D:7      | Reached XP level 9. HP: 63/78 MP: 8/8
  6702 | D:7      | Reached skill level 7 in Fighting
  6708 | D:7      | Reached skill level 8 in Fighting
  6714 | D:7      | Reached **** piety under Trog
  6714 | D:7      | Reached skill level 9 in Fighting
  6895 | D:8      | Noticed Erica
  6900 | D:8      | Killed Erica
  6900 | D:8      | Reached skill level 11 in Fighting
  7028 | D:8      | Noticed Maurice
  7033 | D:8      | Killed Maurice
  7099 | D:8      | Noticed Psyche
  7104 | D:8      | Reached XP level 10. HP: 96/96 MP: 9/9
  7106 | D:8      | Killed Psyche
  7165 | D:8      | Noticed a hill giant
  7171 | D:8      | Killed a hill giant
  7193 | D:8      | Noticed a deep elf knight
  7210 | D:8      | Killed a deep elf knight
  7268 | D:8      | Noticed a centaur warrior
  7276 | D:8      | Killed a centaur warrior
  7330 | D:8      | Noticed Grum
  7584 | D:8      | Killed Grum
  7625 | D:8      | Noticed Gastronok
  7641 | D:8      | Killed Gastronok
  7641 | D:8      | Reached skill level 10 in Armour
  7641 | D:8      | Reached XP level 11. HP: 102/102 MP: 10/10
  7791 | D:8      | Noticed a death knight
  7819 | D:7      | Slain by a death knight

Skill      XL: |  1  2  3  4  5  6  7  8  9 10 |
---------------+-------------------------------+-----
Maces & Flails | 4 5 6 8 10 | 10.8
Dodging        | 3 5 9 |  9.5
Armour         | 5 6 10 | 10.5
Fighting       | 4 6 11 | 11.2
Stealth        | |  0.1

Action                   |  1- 3 |  4- 6 |  7- 9 | 10-12 || total
-------------------------+-------+-------+-------+-------++-------
Melee: Mace              |    78 |   104 |   108 |       ||   290
       Headbutt          |    16 |    21 |    36 |    23 ||    96
       Flail             |       |       |    52 |   109 ||   161
Invok: Berserk           |     1 |     2 |     8 |     5 ||    16
       Brothers in Arms  |       |       |       |     1 ||     1
  Use: Scroll            |     4 |     4 |     5 |       ||    13
       Potion            |       |       |       |     5 ||     5
  Eat: Chunk             |     4 |    17 |    24 |    10 ||    55
Armor: Ring mail         |    12 |    36 |    53 |    46 ||   147
Dodge: Dodged            |    43 |    71 |   109 |   103 ||   326
